[Event "Titled Tuesday Blitz May 03 Early 2022"]
[White "Chuemsakul, Sarocha"]
[Black "Sailer, Mike"]
[WhiteFideId "6203710"]
[BlackFideId "2012901"]
[WhiteElo "1703"]
[BlackElo "2109"]
[Result "0-1"]
[Round "05"]
[TimeControl "180+1"]
[Date "2022.05.03"]
[WhiteClock "0:00:04"]
[BlackClock "0:00:13"]

1. Nf3 d5 2. g3 Nf6 3. Bg2 Bf5 4. O-O e6 5. c4 c6 6. cxd5 exd5 7. Qb3 Qb6 8. Qxb6 axb6 9. d3 Bd6 10. Nc3 O-O 11. Re1 Re8 12. Bg5 Nbd7 13. Nd4 Bg6 14. e4 dxe4 15. dxe4 Bb4 16. f3 h6 17. Bd2 Bc5 18. Be3 Ne5 19. Nc2 Nd3 20. Reb1 Nd7 21. Bf1 N7e5 22. Be2 Bxe3+ 23. Nxe3 Nc5 24. f4 Ned7 25. f5 Bh7 26. Bf3 Ne5 27. Kg2 f6 28. Rd1 Red8 29. Be2 Kf8 30. Nc2 Ke7 31. Nd4 Bg8 32. b4 Na4 33. Nxa4 Rxa4 34. a3 b5 35. Kf2 Bc4 36. h3 Bxe2 37. Kxe2 Nc4 38. Rd3 Nb2 39. Rb3 Rxd4 40. Rxb2 Rxe4+ 41. Kf3 Re5 42. Rd1 Rxf5+ 43. Kg4 Rd5 44. Re2+ Re5 45. Rxe5+ fxe5 46. Kf5 Rxa3 47. Kxe5 Rxg3 48. Rf1 Rxh3 49. Ra1 Kd7 50. Ra7 Kc7 51. Ra8 Rg3 52. Rf8 h5 53. Rf7+ Kb6 54. Kd6 h4 55. Rf4 g5 56. Rf8 h3 57. Rh8 g4 58. Rh7 Rd3+ 59. Ke5 Rd2 60. Ke4 h2 61. Kf4 Rg2 62. Rh6 g3 63. Rh7 Rg1 64. Kf3 h1=Q+ 65. Rxh1 Rxh1 66. Kxg3 Rb1 67. Kf3 Rxb4 68. Ke3 Rc4 69. Kd3 Rc5 70. Kd2 b4 71. Kd3 b3 72. Kd2 b2 73. Ke3 b1=Q 74. Kd2 Qb2+ 75. Kd3 Qb3+ 76. Kd2 Rc2+ 77. Kd1 Qb1# 0-1


[Site "https://www.chess.com"]

[Event "Titled Tuesday Blitz May 03 Early 2022"]
[White "Ciorgovean, Iustin"]
[Black "Zlatin, Alexander"]
[WhiteFideId "1242911"]
[BlackFideId "2810549"]
[WhiteElo "2075"]
[BlackElo "2228"]
[Result "1/2-1/2"]
[Round "05"]
[TimeControl "180+1"]
[Date "2022.05.03"]
[WhiteClock "0:00:04"]
[BlackClock "0:00:07"]

1. d4 d5 2. c4 e6 3. Nc3 c5 4. cxd5 cxd4 5. Qa4+ Bd7 6. Qxd4 exd5 7. Qxd5 Nc6 8. Nf3 Nf6 9. Qb3 Bc5 10. e3 O-O 11. Be2 Qe7 12. O-O Be6 13. Qc2 Nb4 14. Qb1 Rad8 15. a3 Nbd5 16. Bd2 h6 17. b4 Bd6 18. Rd1 Bb8 19. Nb5 Bg4 20. h3 Bh5 21. Be1 a6 22. Nbd4 Ne4 23. Qb2 Bg6 24. Rac1 Qf6 25. Qa1 Rfe8 26. Nb3 Qe7 27. Nc5 Nxc5 28. Rxc5 Be4 29. Qc1 Ba7 30. Rc4 b5 31. Rc6 Bxf3 32. Bxf3 Nxe3 33. Rxd8 Rxd8 34. Rc8 Nf5 35. Rxd8+ Qxd8 36. Qd1 Qxd1 37. Bxd1 Nd4 38. Bd2 Kf8 39. Kf1 Ne6 40. Bc3 f6 41. g3 Ke7 42. Ke2 Bd4 43. Kd3 Bxc3 44. Kxc3 Kd6 45. Be2 g5 46. Bd3 Ke5 47. a4 Nd4 48. a5 f5 49. f4+ gxf4 50. gxf4+ Kd5 51. Kd2 Ne6 52. Ke3 Nd4 53. h4 h5 54. Bb1 Nc6 55. Bxf5 Nxb4 56. Bg6 Nc2+ 57. Kd2 Nd4 58. Bxh5 Nf5 59. Kc3 Nxh4 60. Bg4 Ng6 61. f5 Ne5 62. Be2 Kc5 63. f6 Nf7 64. Bh5 Nd6 65. f7 Nxf7 66. Bxf7 b4+ 67. Kb3 Kb5 68. Bc4+ Kxa5 69. Bxa6 Kb6 70. Kxb4 1/2-1/2


[Site "https://www.chess.com"]

[Event "Titled Tuesday Blitz May 03 Early 2022"]
[White "Cunjalo, Faris"]
[Black "Andreev, Eduard"]
[WhiteFideId "14410710"]
[BlackFideId "14103400"]
[WhiteElo "2850"]
[BlackElo "2533"]
[Result "1-0"]
[Round "05"]
[TimeControl "180+1"]
[Date "2022.05.03"]
[WhiteClock "0:01:27"]
[BlackClock "0:01:46"]

1. Nf3 g6 2. g3 Bg7 3. Bg2 e5 4. O-O Nc6 5. c4 d6 6. Nc3 Nf6 7. d3 O-O 8. Rb1 a5 9. a3 Re8 10. Bg5 h6 11. Bxf6 Bxf6 12. b4 axb4 13. axb4 Bg7 14. b5 Ne7 15. Nd2 c6 16. Qc2 Be6 17. bxc6 bxc6 18. Rb7 Qc8 19. Rfb1 h5 20. Nde4 Nf5 21. Ng5 Bd7 22. Nce4 Ra1 23. Qb2 Rxb1+ 24. Qxb1 Rd8 25. Qb6 Be8 26. Bh3 Qa8 27. Ra7 Qb8 28. Qxb8 Rxb8 29. Bxf5 gxf5 30. Nxd6 c5 31. Nxe8 Rxe8 32. Rxf7 1-0


[Site "https://www.chess.com"]

[Event "Titled Tuesday Blitz May 03 Early 2022"]
[White "D`Arruda, Ricardo D."]
[Black "Coto Mederos, Michel"]
[WhiteFideId "100692"]
[BlackFideId "3508528"]
[WhiteElo "2405"]
[BlackElo "2427"]
[Result "0-1"]
[Round "05"]
[TimeControl "180+1"]
[Date "2022.05.03"]
[WhiteClock "0:00:10"]
[BlackClock "0:00:06"]

1. d4 d5 2. Nf3 Nf6 3. g3 e6 4. Bg2 c5 5. O-O Nc6 6. c4 Be7 7. Nc3 O-O 8. dxc5 Bxc5 9. cxd5 exd5 10. b3 Re8 11. Bb2 a6 12. Rc1 Ba7 13. e3 Bf5 14. Ne2 Rc8 15. Ned4 Be4 16. Nxc6 bxc6 17. Nd4 c5 18. Ne2 Qe7 19. Nf4 Bxg2 20. Kxg2 d4 21. exd4 cxd4 22. Qf3 Qd7 23. Rfd1 Ne4 24. Nd3 Nc3 25. Bxc3 dxc3 26. Ne5 Qe6 27. Re1 h6 28. Rxc3 Rxc3 29. Qxc3 f6 30. Nf3 Qf7 31. Qc4 Rxe1 32. Nxe1 Qxc4 33. bxc4 Kf7 34. Nd3 Ke6 35. Kf3 Bd4 36. Ke4 Ba7 37. g4 a5 38. f4 g5 39. fxg5 hxg5 40. Nc1 Bb8 41. h3 a4 42. Nd3 Bd6 43. c5 Be7 44. Kd4 f5 45. c6 fxg4 46. hxg4 Kd6 47. Ke4 Kxc6 48. Kf5 Kd5 49. Ne5 a3 50. Nf3 Kc4 51. Nxg5 Kc3 52. Ne4+ Kb2 53. Nf6 Kxa2 54. g5 Kb3 55. g6 Bf8 56. Ne4 a2 57. Nd2+ Kc2 0-1


[Site "https://www.chess.com"]

[Event "Titled Tuesday Blitz May 03 Early 2022"]
[White "Darini, Pouria"]
[Black "Dauner, Benedikt"]
[WhiteFideId "12502200"]
[BlackFideId "16225899"]
[WhiteElo "2489"]
[BlackElo "2230"]
[Result "0-1"]
[Round "05"]
[TimeControl "180+1"]
[Date "2022.05.03"]
[WhiteClock "0:00:06"]
[BlackClock "0:00:03"]

1. e4 Nf6 2. e5 Nd5 3. d4 d6 4. Nf3 g6 5. Bc4 Nb6 6. Bb3 Bg7 7. Ng5 e6 8. Qf3 Qe7 9. Ne4 dxe5 10. Bg5 Qb4+ 11. c3 Qa5 12. Bf6 O-O 13. Bxg7 Kxg7 14. Qf6+ Kg8 15. Qxe5 Nc6 16. Qxa5 Nxa5 17. Nbd2 Bd7 18. Nf6+ Kg7 19. Nxd7 Nxd7 20. Bc2 c5 21. dxc5 b6 22. cxb6 Nxb6 23. Ke2 Rab8 24. Rab1 Rfc8 25. Rhc1 Nac4 26. Bb3 Nd6 27. Bd1 a5 28. g3 Nd5 29. Ke1 Nb6 30. a4 Rc7 31. b3 Nd7 32. Ke2 Nc5 33. f3 Rcb7 34. Bc2 Ne8 35. Nc4 Ra7 36. Nxa5 Rxa5 37. b4 Ra7 38. bxc5 Rc8 39. Rb5 Nc7 40. c6 Nd5 41. Bb3 Rxc6 42. Bxd5 exd5 43. a5 d4 44. c4 Rca6 45. Ra1 Re6+ 0-1


[Site "https://www.chess.com"]

[Event "Titled Tuesday Blitz May 03 Early 2022"]
[White "De Souza, Cristiano Gomes"]
[Black "Begunov, Konstantin"]
[WhiteFideId "2151758"]
[BlackFideId "4118510"]
[WhiteElo "2068"]
[BlackElo "2262"]
[Result "0-1"]
[Round "05"]
[TimeControl "180+1"]
[Date "2022.05.03"]
[WhiteClock "0:00:07"]
[BlackClock "0:00:17"]

1. d4 d5 2. c4 c6 3. Nf3 Nf6 4. Nc3 dxc4 5. a4 Bg4 6. Ne5 Bh5 7. Nxc4 e6 8. f3 Na6 9. Ne5 Nb4 10. e4 Qxd4 11. Qxd4 Nc2+ 12. Kf2 Nxd4 13. g4 Bg6 14. h4 h6 15. Nxg6 fxg6 16. Bc4 Bc5 17. Kg2 e5 18. Be3 Ke7 19. Rad1 Rhd8 20. g5 hxg5 21. hxg5 Nh5 22. Ne2 Ne6 23. Bxc5+ Nxc5 24. a5 Ne6 25. Kf2 Nef4 26. Nxf4 Nxf4 27. Ke3 Rxd1 28. Rxd1 Rh8 29. b4 Rh5 30. b5 Rxg5 31. bxc6 bxc6 32. Rb1 Kd6 33. Rb7 Rg2 34. Rxa7 Rc2 35. Ba6 Ra2 36. Bc4 Rc2 37. Ba6 Kc5 38. Rxg7 Ra2 39. Rc7 Rxa5 40. Bb7 Ra2 41. Rxc6+ Kb5 0-1


[Site "https://www.chess.com"]

[Event "Titled Tuesday Blitz May 03 Early 2022"]
[White "Deac, Bogdan-Daniel"]
[Black "Shyaamnikhil P"]
[WhiteFideId "1226380"]
[BlackFideId "5024218"]
[WhiteElo "2648"]
[BlackElo "2329"]
[Result "1-0"]
[Round "05"]
[TimeControl "180+1"]
[Date "2022.05.03"]
[WhiteClock "0:00:11"]
[BlackClock "0:00:13"]

1. d4 Nf6 2. Nf3 e6 3. c4 d5 4. g3 dxc4 5. Bg2 c5 6. O-O Nc6 7. Qa4 Bd7 8. Qxc4 cxd4 9. Nxd4 Rc8 10. Nc3 Na5 11. Qd3 Qb6 12. Rb1 Nc4 13. Rd1 Bb4 14. Nc2 Bc5 15. e3 Ne5 16. Qe2 Be7 17. Bd2 O-O 18. b3 Bc6 19. e4 Nfg4 20. h3 Nf6 21. Be3 Qc7 22. Nd4 Bb4 23. Ncb5 Qb8 24. f4 Bxb5 25. Nxb5 Nc6 26. e5 Nd5 27. Bxd5 exd5 28. Rxd5 Rfd8 29. Rbd1 a6 30. Nd6 Rc7 31. Bb6 Rcd7 32. Bxd8 Qxd8 33. Kg2 Ne7 34. Nxb7 1-0


[Site "https://www.chess.com"]

[Event "Titled Tuesday Blitz May 03 Early 2022"]
[White "Demchenko, Anton"]
[Black "Nagy, Gabor"]
[WhiteFideId "4160258"]
[BlackFideId "737119"]
[WhiteElo "2539"]
[BlackElo "2534"]
[Result "1-0"]
[Round "05"]
[TimeControl "180+1"]
[Date "2022.05.03"]
[WhiteClock "0:00:29"]
[BlackClock "0:01:12"]

1. e4 c5 2. Nf3 d6 3. d4 cxd4 4. Qxd4 Nf6 5. Nc3 a6 6. Bg5 Nc6 7. Qd2 e6 8. O-O-O Bd7 9. Nd4 Be7 10. f3 b5 11. Nxc6 Bxc6 12. Ne2 Nxe4 13. Bxe7 Nxd2 14. Bxd8 Nxf1 15. Bb6 Rb8 16. Bf2 Nxh2 17. Rxh2 Ke7 18. Bg3 Rbd8 19. Be1 f6 20. Bb4 e5 21. Rhh1 Ke6 22. Rhe1 Ba8 23. Nd4+ Kf7 24. Nf5 d5 25. f4 e4 26. Ba5 Rb8 27. Bc7 Rbf8 28. Bb6 g6 29. Ne3 f5 30. Nxd5 Rb8 31. Bf2 Rhd8 32. Ne3 Bc6 33. Rxd8 Rxd8 34. Rd1 Rg8 35. Rd6 Be8 36. Rxa6 g5 37. Bg3 h5 38. fxg5 Rxg5 39. Bf4 Rg6 40. Rxg6 Kxg6 41. b3 1-0


[Site "https://www.chess.com"]

[Event "Titled Tuesday Blitz May 03 Early 2022"]
[White "Dilmukhametov, Artur"]
[Black "Broca Jimenez, Fernando"]
[WhiteFideId "24179922"]
[BlackFideId "5104742"]
[WhiteElo "2244"]
[BlackElo "2062"]
[Result "0-1"]
[Round "05"]
[TimeControl "180+1"]
[Date "2022.05.03"]
[WhiteClock "0:01:46"]
[BlackClock "0:01:22"]

1. d4 Nf6 2. Nc3 c5 3. dxc5 e6 4. Nf3 Bxc5 5. e4 Ng4 6. Nd4 Qb6 7. Nce2 Nxf2 8. Kxf2 Nc6 9. c3 e5 10. b3 exd4 11. cxd4 Nxd4 12. Nxd4 Bxd4+ 13. Ke1 Bxa1 14. Bc4 Bf6 15. Rf1 d6 16. Bf4 Be6 17. Bxe6 fxe6 18. Bxd6 Rd8 0-1


[Site "https://www.chess.com"]

[Event "Titled Tuesday Blitz May 03 Early 2022"]
[White "Djokic, Mihailo"]
[Black "Navalgund, Niranjan"]
[WhiteFideId "976440"]
[BlackFideId "5030854"]
[WhiteElo "2202"]
[BlackElo "2290"]
[Result "0-1"]
[Round "05"]
[TimeControl "180+1"]
[Date "2022.05.03"]
[WhiteClock "0:00:04"]
[BlackClock "0:01:52"]

1. e4 e5 2. Nf3 Nc6 3. Nc3 Nf6 4. Bb5 Bb4 5. O-O O-O 6. d3 d6 7. Bg5 Bxc3 8. bxc3 Ne7 9. Nh4 c6 10. Bc4 d5 11. Bb3 Qd6 12. f4 Ng6 13. Nxg6 fxg6 14. exd5 cxd5 15. Qd2 Qc5+ 16. d4 exd4 17. cxd4 Qd6 18. Rae1 Bf5 19. Bxf6 gxf6 20. Qa5 Rfd8 21. Bxd5+ Kh8 22. c4 b6 23. Qd2 Rac8 24. h3 b5 25. g4 bxc4 26. Bb7 c3 27. Qe3 Rc7 0-1


[Site "https://www.chess.com"]

[Event "Titled Tuesday Blitz May 03 Early 2022"]
[White "Donchenko, Alexander"]
[Black "Zhu, Jiner"]
[WhiteFideId "24603295"]
[BlackFideId "8608059"]
[WhiteElo "2539"]
[BlackElo "2281"]
[Result "1-0"]
[Round "05"]
[TimeControl "180+1"]
[Date "2022.05.03"]
[WhiteClock "0:00:42"]
[BlackClock "0:00:18"]

1. d4 Nf6 2. Nf3 e6 3. c4 d5 4. g3 Bb4+ 5. Bd2 Be7 6. Bg2 O-O 7. O-O c6 8. Qc2 b6 9. Rd1 Nbd7 10. Bf4 Ba6 11. cxd5 cxd5 12. Ne5 Bb7 13. Nc6 Bxc6 14. Qxc6 Qc8 15. Qa4 Qb7 16. Nc3 a6 17. Qb3 b5 18. Rac1 Rfc8 19. a4 b4 20. Nb1 a5 21. Qd3 Rxc1 22. Rxc1 Rc8 23. b3 h6 24. Rc2 Rc6 25. Nd2 Qc8 26. Rxc6 Qxc6 27. Nf3 Bd6 28. Bd2 Ne4 29. Ne1 Nxd2 30. Qxd2 Qc3 31. Qxc3 bxc3 32. e3 Nb8 33. Kf1 Nc6 34. Ke2 Nb4 35. Kd1 Kf8 36. Bf1 Ke7 37. Nf3 f6 38. Ng1 e5 39. Bb5 e4 40. Ne2 c2+ 41. Kd2 Nd3 42. Bxd3 exd3 43. Kxd3 Bb4 44. Kxc2 Be1 45. f3 Bf2 46. Kd3 Be1 47. g4 g5 48. e4 dxe4+ 49. fxe4 Ke6 50. h3 Bb4 51. Kc4 Be1 52. Nc1 Kd6 53. Nd3 Bd2 54. Kb5 Bc3 55. d5 Bd2 56. b4 axb4 57. Nxb4 Ke5 58. a5 Be3 59. a6 1-0


[Site "https://www.chess.com"]

[Event "Titled Tuesday Blitz May 03 Early 2022"]
[White "Wagner, Dinara"]
[Black "Lashkin, Jegor"]
[WhiteFideId "24157570"]
[BlackFideId "13907808"]
[WhiteElo "2521"]
[BlackElo "2790"]
[Result "0-1"]
[Round "05"]
[TimeControl "180+1"]
[Date "2022.05.03"]
[WhiteClock "0:00:02"]
[BlackClock "0:00:10"]

1. d4 Nf6 2. c4 e6 3. Nf3 d5 4. g3 dxc4 5. Bg2 a6 6. O-O Nc6 7. e3 Rb8 8. a4 Be7 9. a5 Bb4 10. Nfd2 Nxa5 11. Qa4+ Nc6 12. Bxc6+ bxc6 13. Qxc6+ Bd7 14. Qg2 Bb5 15. Nc3 O-O 16. Nxb5 axb5 17. b3 Qd5 18. bxc4 bxc4 19. Nf3 c5 20. Rd1 Rfd8 21. Ba3 c3 22. Ne1 Ne4 23. Nc2 Bxa3 24. Rxa3 Rb2 25. Rc1 f5 26. f3 Nd2 27. Rxc3 Nxf3+ 28. Kh1 cxd4 29. exd4 Nxd4 30. Qxd5 Rxd5 31. Ne3 Nf3 32. Rc8+ Kf7 33. R1c2 Rd2 34. R8c7+ Kg6 35. Rxb2 Rxb2 36. Nf1 Rf2 37. Rc1 Kg5 38. Rd1 e5 39. Rc1 e4 40. Rd1 e3 41. h4+ Kh5 42. Rc1 e2 43. Rb1 exf1=Q+ 0-1


[Site "https://www.chess.com"]

[Event "Titled Tuesday Blitz May 03 Early 2022"]
[White "Erdogdu, Mert"]
[Black "Martin Carmona, Gaston Manuel"]
[WhiteFideId "6301495"]
[BlackFideId "22284567"]
[WhiteElo "2724"]
[BlackElo "2515"]
[Result "1-0"]
[Round "05"]
[TimeControl "180+1"]
[Date "2022.05.03"]
[WhiteClock "0:00:15"]
[BlackClock "0:00:02"]

1. e4 c5 2. Nf3 d6 3. d4 cxd4 4. Nxd4 Nf6 5. Nc3 a6 6. Be3 e5 7. Nb3 Be7 8. f3 Be6 9. Qd2 h5 10. O-O-O Nbd7 11. Kb1 Rc8 12. Bd3 b5 13. h3 h4 14. Rhe1 b4 15. Nd5 Bxd5 16. exd5 a5 17. Bb5 Kf8 18. Qf2 Nh5 19. Nd2 Nc5 20. Bc6 Ne6 21. Bb6 Nc7 22. Nc4 Nf4 23. Nxa5 Rb8 24. Nc4 Rh6 25. Be3 Bg5 26. Ba7 Rg6 27. Bxb8 Qxb8 28. Rg1 Be7 29. Nb6 Kg8 30. Nc4 Qc8 31. Qd2 Qb8 32. b3 Na6 33. Ne3 Nc5 34. Nf5 Bf8 35. Qf2 Qc8 36. Nxh4 Rg5 37. Rh1 g6 38. g3 Nh5 39. g4 Nf4 40. Ng2 Nxg2 41. Qxg2 e4 42. f4 Bg7 43. fxg5 Qa6 44. Qf1 Qa3 45. c3 Nxb3 46. Qe2 Bxc3 47. Rh2 Nd4 48. Qf2 b3 49. Rxd4 bxa2+ 50. Qxa2 1-0


[Site "https://www.chess.com"]

[Event "Titled Tuesday Blitz May 03 Early 2022"]
[White "Estrada Nieto, Julian"]
[Black "Bashirli, Saadat"]
[WhiteFideId "5101018"]
[BlackFideId "13429990"]
[WhiteElo "2252"]
[BlackElo "1173"]
[Result "0-1"]
[Round "05"]
[TimeControl "180+1"]
[Date "2022.05.03"]
[WhiteClock "0:00:16"]
[BlackClock "0:00:17"]

1. e4 c5 2. Nf3 g6 3. d4 cxd4 4. Qxd4 Nf6 5. Nc3 Nc6 6. Qa4 d6 7. e5 dxe5 8. Nxe5 Bd7 9. Nxd7 Qxd7 10. Be2 Bg7 11. Be3 O-O 12. Rd1 Qf5 13. O-O Rfd8 14. h3 h5 15. Bd3 Qe6 16. Qc4 Qxc4 17. Bxc4 Ne5 18. Be2 a6 19. Bb6 Rxd1 20. Rxd1 Rc8 21. Rd8+ Rxd8 22. Bxd8 Kf8 23. Kf1 Ke8 24. Bc7 Nc6 25. Bf3 Kd7 26. Bb6 e5 27. Nd5 Nxd5 28. Bxd5 Ke7 29. c3 f5 30. Ke2 g5 31. Kd3 Kd6 32. Kc4 e4 33. Bc5+ Kd7 34. Bxc6+ Kxc6 35. Be7 g4 36. hxg4 hxg4 37. Bg5 b5+ 38. Kb4 Bf8+ 39. Ka5 Kb7 40. Be3 Bd6 41. a4 f4 42. Bd4 bxa4 43. Kxa4 Kc6 44. Ka5 Bc5 45. Kxa6 Bxd4 46. cxd4 e3 47. fxe3 fxe3 48. b4 e2 49. b5+ Kd5 50. b6 e1=Q 51. b7 Qa1+ 52. Kb6 Qxd4+ 53. Kc7 Qg7+ 54. Kc8 Qf8+ 55. Kc7 Ke4 56. b8=Q Qxb8+ 57. Kxb8 Ke3 58. Kc7 Kf2 59. Kd6 Kxg2 60. Ke5 Kf2 61. Kf4 g3 0-1


[Site "https://www.chess.com"]

[Event "Titled Tuesday Blitz May 03 Early 2022"]
[White "Eynullayev, Atilla"]
[Black "Dang, Hoang Son"]
[WhiteFideId "13413570"]
[BlackFideId "12402435"]
[WhiteElo "1936"]
[BlackElo "2252"]
[Result "1-0"]
[Round "05"]
[TimeControl "180+1"]
[Date "2022.05.03"]
[WhiteClock "0:00:04"]
[BlackClock "0:00:05"]

1. e4 e5 2. Nf3 Nc6 3. Bb5 Nf6 4. d3 Bc5 5. Bxc6 dxc6 6. O-O Nd7 7. Nbd2 O-O 8. Nc4 Re8 9. Be3 Bf8 10. a3 f6 11. b4 Nb6 12. Ncd2 Be6 13. Qe2 a5 14. c3 Na4 15. Rac1 axb4 16. axb4 Qd7 17. d4 exd4 18. Nxd4 Bf7 19. f3 c5 20. bxc5 Bxc5 21. N2b3 Bf8 22. c4 c6 23. Rfd1 Qc7 24. Nf5 b5 25. Nbd4 b4 26. Qf2 Nc3 27. Re1 g6 28. Nh6+ Bxh6 29. Bxh6 Bxc4 30. Qh4 Qd6 31. Nf5 gxf5 32. exf5 Qc5+ 33. Kh1 Kh8 34. Qxf6+ Kg8 35. Qg7# 1-0


[Site "https://www.chess.com"]

[Event "Titled Tuesday Blitz May 03 Early 2022"]
[White "Fiorito, Fabian"]
[Black "Grischuk, Alexander"]
[WhiteFideId "100200"]
[BlackFideId "4126025"]
[WhiteElo "2508"]
[BlackElo "3009"]
[Result "0-1"]
[Round "05"]
[TimeControl "180+1"]
[Date "2022.05.03"]
[WhiteClock "0:00:03"]
[BlackClock "0:01:21"]

1. d4 e6 2. e4 d5 3. Nd2 c5 4. Ngf3 cxd4 5. Nxd4 Nf6 6. exd5 Nxd5 7. N2f3 Bb4+ 8. Bd2 Bc5 9. c3 O-O 10. Bc4 b6 11. O-O Bb7 12. Re1 Nd7 13. Bd3 a6 14. Ng5 N7f6 15. Ndf3 h6 16. Ne4 Be7 17. Qe2 Qc7 18. Rad1 Rad8 19. Bc1 b5 20. Ng3 Nf4 21. Bxf4 Qxf4 22. Nd4 Bc5 23. Nb3 Bb6 24. Bc2 Ng4 25. Rf1 Rxd1 26. Bxd1 Ne5 27. Bc2 Rd8 28. Rd1 Rxd1+ 29. Bxd1 Nd3 30. Nd4 Bxd4 31. cxd4 Qxd4 32. Qd2 e5 33. Nf5 Qe4 34. Bf3 Qxf5 35. Bxb7 Nc5 36. Bf3 Qd3 37. Qc1 Qd4 38. h3 e4 39. Bg4 b4 40. a3 a5 41. axb4 axb4 42. Qa1 g6 43. Be2 Kg7 44. Bf1 Nd3 45. Bxd3 exd3 46. Qc1 d2 47. Qc2 d1=Q+ 0-1


[Site "https://www.chess.com"]

[Event "Titled Tuesday Blitz May 03 Early 2022"]
[White "Gharibyan, Mamikon"]
[Black "Yurovskykh, Oleksandr"]
[WhiteFideId "13308300"]
[BlackFideId "14134020"]
[WhiteElo "2254"]
[BlackElo "2292"]
[Result "1-0"]
[Round "05"]
[TimeControl "180+1"]
[Date "2022.05.03"]
[WhiteClock "0:00:11"]
[BlackClock "0:00:13"]

1. c4 c6 2. Nf3 d5 3. g3 Nf6 4. Bg2 Bg4 5. O-O e6 6. d3 Nbd7 7. Qb3 Qb6 8. Be3 Qxb3 9. axb3 a6 10. Nc3 Bd6 11. h3 Bh5 12. g4 Bg6 13. Nh4 O-O 14. f4 h6 15. Nxg6 fxg6 16. Kh1 Rae8 17. d4 Nh7 18. Bd2 g5 19. f5 Bb4 20. fxe6 Rxf1+ 21. Rxf1 Ndf6 22. cxd5 cxd5 23. Rf5 g6 24. Re5 Bd6 25. Re3 Bf4 26. Rd3 Bxd2 27. Rxd2 Rd8 28. e7 Re8 29. Nxd5 Kg7 30. Nxf6 Nxf6 31. e4 Rxe7 32. e5 Nd7 33. Kg1 a5 34. Kf2 Re6 35. Bxb7 Rb6 36. Bd5 Kf8 37. Ke3 Ke7 38. Rf2 a4 39. bxa4 Rb4 40. b3 Nb6 41. Ke4 Nxd5 42. Kxd5 Rxb3 43. Ra2 Kd7 44. a5 Rb7 45. a6 Ra7 46. e6+ Ke7 47. Ke5 Ra8 48. d5 h5 49. d6+ Ke8 50. Kf6 h4 51. a7 Kf8 52. e7+ Ke8 53. Rb2 Kd7 54. Rb8 Rxa7 55. e8=Q+ Kxd6 56. Qe6+ Kc5 57. Qb6+ Kc4 58. Rc8+ Kd3 59. Qxa7 Ke2 60. Rc3 Kf1 61. Rc2 Ke1 62. Qg1# 1-0


[Site "https://www.chess.com"]

[Event "Titled Tuesday Blitz May 03 Early 2022"]
[White "Gurevich, Dmitry"]
[Black "Warchol, Kamil"]
[WhiteFideId "2000407"]
[BlackFideId "21858241"]
[WhiteElo "2506"]
[BlackElo "1910"]
[Result "0-1"]
[Round "05"]
[TimeControl "180+1"]
[Date "2022.05.03"]
[WhiteClock "0:00:03"]
[BlackClock "0:00:25"]

1. d4 d6 2. Nf3 Bg4 3. g3 Nd7 4. Bg2 c6 5. c4 Ngf6 6. Nc3 Qc7 7. O-O e5 8. Be3 Be7 9. h3 Bh5 10. Nh4 O-O 11. Nf5 Rfe8 12. Nxe7+ Rxe7 13. Qd2 Bg6 14. Rad1 e4 15. b4 a5 16. b5 Nb6 17. c5 Nc4 18. Qc1 dxc5 19. dxc5 Nxe3 20. Qxe3 cxb5 21. Nxb5 Qc6 22. Nd6 Rc7 23. Rc1 Qa4 24. a3 Nd5 25. Qd2 Nf6 26. Rc4 Qc6 27. Rb1 Rd8 28. Qxa5 Rcd7 29. Rb6 Qc7 30. Qb5 Rb8 31. Rb4 Nd5 32. Rxb7 Rxb7 33. Qxb7 Nxb4 34. Qxc7 Rxc7 35. axb4 f5 36. e3 Kf8 37. Bf1 Ke7 38. Bc4 Kf6 39. Kf1 Bh5 40. g4 fxg4 41. hxg4 Bxg4 42. Nxe4+ Ke5 43. Nd6 g5 44. Kg2 h5 45. Kg3 Bd7 46. Be2 h4+ 47. Kg2 g4 48. Nc4+ Kf6 49. e4 Bc6 50. Nd6 Kg5 51. b5 Bxb5 52. Nxb5 Rxc5 53. Nd4 Re5 54. f3 Kf4 55. fxg4 Rxe4 0-1


[Site "https://www.chess.com"]

[Event "Titled Tuesday Blitz May 03 Early 2022"]
[White "Hakobyan, Aram"]
[Black "Aradhya, Garg"]
[WhiteFideId "13306677"]
[BlackFideId "25006746"]
[WhiteElo "2557"]
[BlackElo "2169"]
[Result "1-0"]
[Round "05"]
[TimeControl "180+1"]
[Date "2022.05.03"]
[WhiteClock "0:00:56"]
[BlackClock "0:00:10"]

1. d4 d5 2. c4 c6 3. cxd5 cxd5 4. Bg5 f6 5. Bd2 Nc6 6. Nc3 Bf5 7. e4 Bxe4 8. Nxe4 dxe4 9. Bc4 Qxd4 10. Qb3 O-O-O 11. Be6+ Kb8 12. Rd1 Ne5 13. Nh3 Nd3+ 14. Ke2 Nh6 15. Be3 Qe5 16. Bf4 Nxf4+ 17. Nxf4 Rd6 18. Rxd6 exd6 19. Rc1 Be7 20. Bd5 b6 21. Qc2 Qxb2 22. Qxb2 Rc8 23. Rxc8+ Kxc8 24. Qc2+ Kd8 25. Qc6 1-0


[Site "https://www.chess.com"]

[Event "Titled Tuesday Blitz May 03 Early 2022"]
[White "Halvax, Georg"]
[Black "Thybo, Jesper Sondergaard"]
[WhiteFideId "1619543"]
[BlackFideId "1438832"]
[WhiteElo "2403"]
[BlackElo "2316"]
[Result "1/2-1/2"]
[Round "05"]
[TimeControl "180+1"]
[Date "2022.05.03"]
[WhiteClock "0:00:24"]
[BlackClock "0:00:10"]

1. d4 d5 2. c4 e6 3. Nf3 a6 4. cxd5 exd5 5. Nc3 h6 6. g3 Nf6 7. Bg2 Bd6 8. O-O O-O 9. Qc2 c6 10. Rb1 Re8 11. b4 Qe7 12. a3 Nbd7 13. Bf4 Bxf4 14. gxf4 Ne4 15. Nxe4 dxe4 16. Ne5 Nf8 17. e3 f6 18. Nc4 Bf5 19. Nd2 Ng6 20. f3 exf3 21. Qxf5 fxg2 22. Rfe1 Nh4 23. Qh3 f5 24. Nf3 Nxf3+ 25. Qxf3 Qh4 26. Qg3 Qh5 27. Rb2 Kh7 28. Rxg2 Re7 29. Kf2 Rae8 30. Qf3 Qf7 31. Re2 Qb3 32. Qh5 Qxa3 33. Qxf5+ Kh8 34. Rg6 Qxb4 35. Qd3 Qb5 36. Qxb5 axb5 37. Ra2 Rxe3 38. Ra7 Re2+ 39. Kf3 R8e3+ 40. Kg4 Rg2+ 41. Kf5 Rxg6 42. Kxg6 Re6+ 43. Kf5 Rd6 44. Rxb7 Rxd4 45. Rb6 Rd6 46. Ke5 Rf6 47. f5 Kh7 48. Rb7 c5 49. Rxb5 Rc6 50. Kd5 Rf6 51. Ke5 Rc6 52. Kd5 Rc8 53. Rxc5 Rxc5+ 54. Kxc5 h5 55. h4 g6 56. fxg6+ Kxg6 57. Kd5 Kf5 58. Kd4 Kg4 59. Ke4 Kxh4 60. Kf4 Kh3 61. Kf3 h4 62. Kf2 Kh2 63. Kf1 h3 64. Kf2 Kh1 65. Kf1 h2 66. Kf2 1/2-1/2


[Site "https://www.chess.com"]

[Event "Titled Tuesday Blitz May 03 Early 2022"]
[White "Hamley, Ryan"]
[Black "Williams, Simon K"]
[WhiteFideId "30959497"]
[BlackFideId "404454"]
[WhiteElo "2491"]
[BlackElo "2468"]
[Result "0-1"]
[Round "05"]
[TimeControl "180+1"]
[Date "2022.05.03"]
[WhiteClock "0:00:04"]
[BlackClock "0:00:05"]

1. e4 d6 2. d4 Nf6 3. Nc3 Nbd7 4. f4 e5 5. Nf3 exd4 6. Nxd4 g6 7. Be2 Bg7 8. O-O O-O 9. Bf3 Re8 10. Re1 c6 11. Be3 Nc5 12. Bf2 Qc7 13. a4 a5 14. Qd2 h5 15. h3 Bd7 16. Re2 Rad8 17. Rae1 Bc8 18. Qc1 Ne6 19. Nxe6 Bxe6 20. Bh4 Rc8 21. Qe3 Ng4 22. hxg4 hxg4 23. f5 Bxf5 24. Qf2 gxf3 25. Qxf3 Be6 26. Bf2 Be5 27. Nd1 Kg7 28. Ne3 Rh8 29. Ng4 Bxg4 30. Qxg4 Qe7 31. c3 Rh5 32. Bd4 Rch8 33. Kf2 Rh4 34. Qf3 Rf4 35. Qxf4 Rh4 36. Qf3 g5 37. Ke3 Kg8 38. Rf1 Rf4 39. Ref2 Rxf3+ 40. Rxf3 d5 41. exd5 cxd5 42. Kd3 Bxd4 43. Kxd4 Qe4+ 44. Kc5 Qc4+ 45. Kd6 Qc6+ 46. Ke5 Qe6+ 47. Kd4 Qe4+ 48. Kc5 Qc4+ 49. Kd6 Qxa4 50. Rxf7 Qc6+ 51. Ke5 Qc5 52. R7f6 d4+ 53. Ke4 dxc3 54. Rg6+ Kh7 55. Re6 Qc4+ 56. Ke5 c2 57. Rf7+ Kg8 58. Kf6 Qf1+ 0-1


[Site "https://www.chess.com"]